Unix NetHack Version 5.0.0-0 post-release - last build May 10 2026 23:12:36 (d1fa5d53e341ca933230fdaa984d921c805b60aa,branch:main).

Game began 2026-05-15 20:43:14, ended 2026-05-15 21:13:08.

BeardyHaddock, neutral male gnomish Archeologist

              -----                                               -
             --...|     ----.--.--           ----               --.--
             |*...|    --.|......--          |..--              |...--
             |....| ---|..........|          |...|              |....|
 ----        |..#.| |..|-.........|          --..|             --..^--
--..-- ---   |.-|.| |..-|.......$.| ------    |.##           --#....--# .
|....---.-   |.||.| |...|--.......#--....---- |..|           |.......>--.--
--....|...|  |.||.--|...| |.....[.........|.----.#           |[...........|
 |........|  |.||..#|.|.| |-.##..............| #.-           |--.--.......--
 |......---  |.|--.|-.|-#--..|--...))..).....|--..|          |...|--....|..|
 |......|    |.| |.#..----..-- ----..........--.#.----       |.--- |....|-.--
 ----..--   --.--|.........--     ---...#---.[.......#--     |.|    ---.#-..|
   --..-    |...||....------        |....#-........#...---   |.|      |.....--
   |....    |...||....|             #....^.).......---...--  |.|     -#......|
   |.|.     |.-- --..--        ---  ---..<...........|--..-- |%|     |.......|
   |.|-------.|   |..|       --`.|  ---..............| --^^--|.|     --......--
   |.|.......*|    ---      --...|  |.........[......-----..-#.|   ----..^....|
 ---.|.--------             |....----.............#-...d@##....|   |.....*...--
 |.....|                    --........#-......)...##...o| -#..--   |....---...
 |...---                     |..|.--.-- -.|.--.|.-----ho([##..|    --..-- --.
 ----                        ---------               ----  ----     ---
BeardyHaddock the Investigator  St:18/02 Dx:8 Co:12 In:19 Wi:14 Ch:8  Neutral
Dlvl:4  $:94 HP:0(45) Pw:22(22) AC:4  Xp:6 T:3676 

Latest messages:
 You hit the hill orc!
 The hill orc thrusts his dagger.
 The hill orc hits!
 The hill orc wields a curved sword!
 You kill the hill orc!
 There are several objects here.
 The hill orc swings her curved sword.
 The hill orc hits!
 You kill the hill orc!
 The hill orc picks up an iron skull cap.
 You kill the hill orc!
 There are several objects here.
 The hill orc wields a curved sword!
 There are several objects here.
 The hill orc picks up an iron skull cap.
 You hit the hill orc!
 The hill orc reads a scroll of teleportation!
 The hill orc vanishes!
 You swap places with your large dog.
 Your large dog eats a hill orc corpse.
 You start digging.
 You hit the rock with all your might.
 You make an opening in the wall.
 You hit the hill orc!
 The hill orc misses!
 The hill orc thrusts his broad short sword.
 The hill orc hits!
 You kill the hill orc!
 You see here 21 gold pieces.
 The hill orc thrusts his broad short sword.
 The hill orc misses!
 The hill orc swings his curved sword.
 The hill orc hits!
 You swap places with your large dog.
 The hill orc thrusts his broad short sword.
 The hill orc hits!
 The large dog bites the hill orc.
 You miss the hill orc.
 The hill orc thrusts his broad short sword.
 The hill orc misses!
 The large dog misses the hill orc.
 You miss the hill orc.
 The hill orc thrusts his broad short sword.
 The hill orc hits!
 You die...
 Do you want your possessions identified? [ynq] (y) y
 Do you want to see your attributes? [ynq] (y) n
 Do you want an account of creatures vanquished? [ynaq] (y) n
 Do you want to see your conduct and achievements? [ynq] (y) n
 Do you want to see the dungeon overview? [ynq] (y) n

Inventory:
 Coins    ('$')
  $ - 94 gold pieces
 Weapons  (')')
  a - a +2 bullwhip (alternate weapon; not wielded)
 Armor    ('[')
  c - an uncursed +0 fedora (being worn)
  i - an uncursed +0 pair of leather gloves (being worn)
  P - an uncursed +1 dwarvish cloak
  H - an uncursed +0 dwarvish cloak
  R - an uncursed +0 dwarvish mithril-coat
  n - an uncursed +0 elven mithril-coat (being worn)
 Comestibles  ('%')
  d - 5 uncursed food rations
 Scrolls  ('?')
  K - 3 uncursed scrolls of blank paper
  S - an uncursed scroll of light
  v - an uncursed scroll of scare monster
  x - a blessed scroll of teleportation
 Potions  ('!')
  O - an uncursed potion of gain ability
  y - an uncursed potion of healing
 Tools    ('(')
  h - an empty uncursed sack
  B - an uncursed blindfold
  A - an uncursed lock pick
  I - an uncursed lock pick
  e - a +0 pick-axe (weapon in right hand)
  F - a cursed tallow candle
  C - an uncursed tin whistle
  L - an uncursed tin whistle
  f - a tinning kit (0:97)
 Gems/Stones  ('*')
  g - an uncursed touchstone

BeardyHaddock the Archeologist's attributes:

Background:
 You were an Investigator, a level 6 male gnomish Archeologist.
 You were neutral, on a mission for Camaxtli
 who was opposed by Quetzalcoatl (lawful) and Huhetotl (chaotic).
 You were right-handed.
 You were in the Gnomish Mines, on level 4.
 You entered the dungeon 3676 turns ago.
 You had 367 experience points, 273 more were needed to attain level 7.

Basics:
 You had 0 out of 45 hit points.
 You had all 22 energy points (spell power).
 Your armor class was 4.
 Your wallet contained 94 zorkmids.
 Autopickup was off.

Final Characteristics:
 Your strength was 18/02 (limit:18/50).
 Your dexterity was 8 (limit:18).
 Your constitution was 12 (limit:18).
 Your intelligence was 19 (limit:19).
 Your wisdom was 14 (limit:18).
 Your charisma was 8 (limit:18).

Final Status:
 You weren't hungry.
 You were unencumbered.
 You were wielding a pick-axe.
 You were skilled in pick-axe.

Final Attributes:
 You were piously aligned.
 You had automatic searching.
 You had infravision.
 You were stealthy.
 You were guarded.
 You were lucky.
 You are dead.

Miscellaneous:
 You didn't encounter any bones levels.
 Total elapsed playing time was 29 minutes and 54 seconds.

Major events:
 Turn
    1: BeardyHaddock the neutral male gnomish Archeologist entered the dungeon
  548: attained the rank of Field Worker (level 3)
  788: entered the Gnomish Mines
 1472: reached Mine Town
 3631: attained the rank of Investigator (level 6)
 3676: killed by a hill orc

You didn't know any spells.

Skills:
 Fighting Skills
   bare handed combat [Unskilled]
   two weapon combat  [Unskilled]
   riding             [Unskilled]
 Weapon Skills
   dagger             [Unskilled]
   knife              [Unskilled]
   pick-axe           [Skilled]
   short sword        [Unskilled]
   saber              [Unskilled]
   club               [Unskilled]
   quarterstaff       [Unskilled]
   sling              [Unskilled]
   dart               [Unskilled]
   boomerang          [Unskilled]
   whip               [Basic]
   unicorn horn       [Unskilled]
 Spellcasting Skills
   attack spells      [Unskilled]
   healing spells     [Unskilled]
   divination spells  [Unskilled]
   matter spells      [Unskilled]

Voluntary challenges:
 Character rerolling was not enabled.
 You never genocided any monsters.
 You never polymorphed an object.
 You never changed form.
 You used no wishes.
Achievements:
 You attained the rank of Field Worker.
 You entered the Gnomish Mines.
 You entered Minetown.
 You entered a shop.
 You entered a temple.
 You attained the rank of Investigator.

 The Dungeons of Doom: levels 1 to 2
    Level 1:
       A fountain, a grave.
    Level 2:
       An altar.
       Stairs down to The Gnomish Mines.
 The Gnomish Mines: levels 3 to 5
    Level 3:
    Level 4: <- You were here.
       Final resting place for
          you, killed by a hill orc.
    Level 5:
       Many shops, a temple and an altar, some fountains.


Vanquished creatures:
  2 leprechauns
  2 gnome leaders
  a kobold mummy
  a gray ooze
  a paper golem
  2 giant ants
  6 dwarves
  2 kobold leaders
 11 hill orcs
  2 rothes
  a rabid rat
  2 centipedes
  a giant bat
  a monkey
 an orc zombie
  3 iguanas
  2 acid blobs
  3 coyotes
  2 hobbits
  a large kobold
  2 hobgoblins
  2 giant rats
  5 cave spiders
  a brown mold
  a yellow mold
  a red mold
  4 gnomes
  4 geckos
  3 jackals
  3 foxes
  2 kobolds
  a goblin
  a sewer rat
 10 grid bugs
  2 bats
  6 lichens
  a kobold zombie
  4 newts
100 creatures vanquished.

No species were genocided or became extinct.

Game over:
                       ----------
                      /          \
                     /    REST    \
                    /      IN      \
                   /     PEACE      \
                  /                  \
                  |  BeardyHaddock   |
                  |      94 Au       |
                  | killed by a hill |
                  |       orc        |
                  |                  |
                  |                  |
                  |       2026       |
                 *|     *  *  *      | *
        _________)/\\_//(\/(/\)/\//\/|_)_______

Goodbye BeardyHaddock the Archeologist...

You died in The Gnomish Mines on dungeon level 4 with 1783 points,
and 94 pieces of gold, after 3676 moves.
You were level 6 with a maximum of 45 hit points when you died.

